[Event "Titled Tuesday Blitz October 11 Late 2022"]
[White "Holt, Conrad"]
[Black "Noboa Silva, Kevin"]
[WhiteFideId "2034387"]
[BlackFideId "3618471"]
[WhiteElo "2592"]
[BlackElo "2178"]
[Result "1-0"]
[Round "03"]
[TimeControl "180+1"]
[Date "2022.10.11"]
[WhiteClock "0:00:47"]
[BlackClock "0:00:03"]

1. d4 e6 2. c4 Bb4+ 3. Nd2 a5 4. a3 Be7 5. e4 d5 6. cxd5 exd5 7. e5 c5 8. Bb5+ Bd7 9. Bxd7+ Qxd7 10. Ne2 Nc6 11. Nf3 Nh6 12. Bxh6 gxh6 13. dxc5 Bxc5 14. O-O Rg8 15. Rc1 Be7 16. Ng3 Rd8 17. Qd3 Rg6 18. Rfe1 Qg4 19. h3 Qe6 20. Nh5 Bg5 21. Nxg5 hxg5 22. f4 Ne7 23. Nf6+ Kf8 24. Nxh7+ Kg7 25. Nxg5 Qd7 26. e6 fxe6 27. Rxe6 Rxg5 28. Rxe7+ Qxe7 29. fxg5 Qxg5 30. Qd4+ Kg8 31. Re1 Qg7 32. Re5 b5 33. h4 Qh6 34. Rg5+ Kh7 35. Qd3+ Kh8 36. Qc3+ Kh7 37. Qc7+ Kh8 38. Qxd8+ 1-0


[Site "https://www.chess.com"]

[Event "Titled Tuesday Blitz October 11 Late 2022"]
[White "Horobetz, Graham"]
[Black "Coelho, Ramyres Santana"]
[WhiteFideId "2047322"]
[BlackFideId "2120690"]
[WhiteElo "2558"]
[BlackElo "1888"]
[Result "1-0"]
[Round "03"]
[TimeControl "180+1"]
[Date "2022.10.12"]
[WhiteClock "0:02:28"]
[BlackClock "0:02:19"]

1. e4 c5 2. Nf3 d6 3. d4 cxd4 4. Nxd4 Nf6 5. Nc3 a6 6. Be3 e6 7. Be2 b5 8. Bf3 Bb7 9. e5 dxe5 10. Nxe6 Qxd1+ 11. Rxd1 Bxf3 12. Nc7+ Ke7 13. Bc5# 1-0


[Site "https://www.chess.com"]

[Event "Titled Tuesday Blitz October 11 Late 2022"]
[White "Ibadov, Dashgyn"]
[Black "Boros, Denes"]
[WhiteFideId "24107514"]
[BlackFideId "722340"]
[WhiteElo "2208"]
[BlackElo "2464"]
[Result "0-1"]
[Round "03"]
[TimeControl "180+1"]
[Date "2022.10.12"]
[WhiteClock "0:00:01"]
[BlackClock "0:01:25"]

1. e4 Nc6 2. Nf3 g6 3. d4 Bg7 4. Nc3 d6 5. Be2 Bg4 6. Be3 a6 7. O-O Nf6 8. h3 Bxf3 9. Bxf3 e5 10. d5 Ne7 11. Qd2 O-O 12. Nd1 Nd7 13. Be2 f5 14. f3 Nf6 15. Bd3 f4 16. Bf2 Qd7 17. c4 g5 18. c5 h5 19. cxd6 cxd6 20. Nc3 g4 21. hxg4 hxg4 22. Bh4 g3 23. Rfc1 Ng6 24. Bxf6 Bxf6 25. Kf1 Nh4 26. Ke1 Bd8 27. Kd1 Bb6 28. Qe2 Bf2 29. Qf1 Rf7 30. Kc2 Rh7 31. Rd1 Be3 32. a3 Nxg2 33. Kb3 Rh2 34. Ka2 Rc8 35. Rab1 Nh4 36. Ra1 Rxc3 0-1


[Site "https://www.chess.com"]

[Event "Titled Tuesday Blitz October 11 Late 2022"]
[White "Ibarra Jerez, Jose Carlos"]
[Black "Gledura, Benjamin"]
[WhiteFideId "2226332"]
[BlackFideId "712779"]
[WhiteElo "2627"]
[BlackElo "2537"]
[Result "1/2-1/2"]
[Round "03"]
[TimeControl "180+1"]
[Date "2022.10.11"]
[WhiteClock "0:01:03"]
[BlackClock "0:00:26"]

1. e3 d5 2. Nf3 Nf6 3. b3 Bf5 4. Bb2 e6 5. d3 h6 6. g3 c5 7. Bg2 Nc6 8. O-O Be7 9. Nbd2 Bh7 10. Ne5 Nxe5 11. Bxe5 O-O 12. Qe2 Rc8 13. a4 Nd7 14. Bb2 Bf6 15. c3 Ne5 16. e4 dxe4 17. Bxe4 Nxd3 18. Bxh7+ Kxh7 19. Ne4 Nxb2 20. Qxb2 Be7 21. Rad1 Qc7 22. Qe2 Kg8 23. f4 Rcd8 24. Rxd8 Rxd8 25. f5 Qe5 26. fxe6 Qxe6 27. c4 f5 28. Nc3 Qxe2 29. Nxe2 Rd2 30. Nf4 Bd6 31. Nd5 g6 32. Rf3 Be5 33. h3 Bd4+ 34. Kf1 Kg7 35. g4 fxg4 36. hxg4 Rb2 37. Nc7 Rb1+ 38. Ke2 Rb2+ 39. Kf1 Rb1+ 40. Ke2 Rb2+ 41. Kf1 1/2-1/2


[Site "https://www.chess.com"]

[Event "Titled Tuesday Blitz October 11 Late 2022"]
[White "Iliaguev, Nisim"]
[Black "Svane, Rasmus"]
[WhiteFideId "2817276"]
[BlackFideId "4657101"]
[WhiteElo "2264"]
[BlackElo "2674"]
[Result "1/2-1/2"]
[Round "03"]
[TimeControl "180+1"]
[Date "2022.10.11"]
[WhiteClock "0:00:18"]
[BlackClock "0:00:11"]

1. d4 Nf6 2. g3 d5 3. Bg2 Bf5 4. Nf3 e6 5. O-O c6 6. c4 h6 7. Nc3 Nbd7 8. Nd2 Be7 9. e4 dxe4 10. Ndxe4 O-O 11. Be3 Qa5 12. Qb3 Qa6 13. Rac1 Rfd8 14. Rfd1 Nxe4 15. Nxe4 Bxe4 16. Bxe4 Nf6 17. Bf3 Rd7 18. Kg2 Rad8 19. h4 h5 20. a3 Qa5 21. Qc2 g6 22. Bd2 Qb6 23. Bc3 Nh7 24. Qe2 Bf6 25. c5 Qc7 26. Qe1 Bxd4 27. Ba5 b6 28. cxb6 axb6 29. Rxc6 Qb8 30. Rxd4 bxa5 31. Rxd7 Rxd7 32. Qxa5 Qxb2 33. Rc8+ Kg7 34. Qb4 Qxb4 35. axb4 Rd4 36. b5 Rb4 37. Bc6 Nf6 38. Rb8 Rc4 39. Rb7 Rc2 40. Bf3 e5 41. Bd1 Rb2 42. Kf1 Ne4 43. Be2 Rb1+ 44. Kg2 Rb2 45. Kf1 Nc5 46. Rc7 Rb1+ 47. Kg2 Ne4 48. Bc4 Nd6 49. Be2 Nxb5 50. Re7 Kf6 51. Re8 Nd6 52. Rd8 Ke7 53. Ra8 Rb2 54. Ra7+ Kf6 55. Kf1 Ne4 56. Ra6+ Ke7 57. Ra4 Nc3 58. Ra7+ Kf6 59. Bc4 Kf5 60. Rxf7+ Ke4 61. Kg2 Nd1 62. Kg1 Rb1 63. Kg2 Rb2 64. Kg1 Rc2 65. Bb5 Nc3 66. Ba6 Ra2 67. Bb7+ Kd4 68. Kg2 Rb2 69. Bc6 Rb6 70. Be8 e4 71. Rd7+ Ke5 72. Rc7 Nd5 73. Rc5 Kd6 74. Ra5 Ke5 75. Bf7 Rd6 76. Bxd5 Rxd5 77. Ra6 Kf5 78. Ra8 Rd2 79. Rf8+ Ke6 80. Re8+ Kf5 81. Rf8+ Ke5 82. Kf1 Ra2 83. Rg8 Kf6 84. Re8 Kf5 85. Rf8+ Ke5 86. Rg8 Ra6 87. Kg2 Kf5 88. Rf8+ Ke6 89. Re8+ Kf5 90. Rf8+ Rf6 91. Re8 Re6 92. Rf8+ Ke5 93. Kf1 Rc6 94. Kg2 Kd4 95. Rd8+ Kc3 96. Kf1 Rf6 97. Ke2 Kc4 98. Ke3 Rf3+ 99. Kxe4 Rxf2 100. Rg8 Rf6 101. Ke5 Rc6 102. Kf4 Kd5 103. Kg5 Rc3 104. Rxg6 Rxg3+ 105. Kxh5 Rh3 106. Kg4 Rh1 107. Rf6 Ke5 108. Rf8 Ke6 109. Kg5 Ke7 110. Rf2 Rg1+ 111. Kh6 Rg3 112. h5 Rg1 113. Kh7 Rg3 114. h6 Rg1 115. Kh8 Rg3 116. Rf4 Rg1 117. Ra4 Rg3 118. Ra8 Kf7 119. Ra7+ Kf8 120. Rg7 Rf3 121. Rg2 Rf1 122. h7 Rf3 123. Rd2 Rf1 124. Ra2 Rf3 125. Ra8+ Kf7 126. Ra7+ Kf8 127. Rg7 Rf1 128. Rg8+ Kf7 129. Rg7+ Kf8 130. Rg8+ Kf7 131. Rg7+ Kf8 1/2-1/2


[Site "https://www.chess.com"]

[Event "Titled Tuesday Blitz October 11 Late 2022"]
[White "Indjic, Aleksandar"]
[Black "Wieczorek, Oskar"]
[WhiteFideId "911925"]
[BlackFideId "1133950"]
[WhiteElo "2592"]
[BlackElo "2404"]
[Result "0-1"]
[Round "03"]
[TimeControl "180+1"]
[Date "2022.10.11"]
[WhiteClock "0:00:18"]
[BlackClock "0:00:17"]

1. d4 Nf6 2. c4 c5 3. d5 g6 4. Nc3 d6 5. e4 Bg7 6. Nf3 Bg4 7. h3 Bxf3 8. Qxf3 O-O 9. Bd3 e6 10. O-O exd5 11. exd5 Nbd7 12. Qd1 Nh5 13. Ne4 Ne5 14. Be2 Nf6 15. Nc3 a6 16. f4 Ned7 17. a4 Re8 18. Bd3 Qb6 19. g4 Re7 20. a5 Qc7 21. Bd2 Rae8 22. Kg2 h5 23. g5 Nh7 24. h4 Bd4 25. Re1 Rxe1 26. Bxe1 f5 27. Qc2 Nhf8 28. Ne2 Bg7 29. Bd2 Nb8 30. Ng3 Qf7 31. Kf3 Nbd7 32. Ra3 Bd4 33. Rb3 Qe7 34. Rxb7 Ne5+ 35. fxe5 Qxb7 36. exd6 Qxb2 37. Qxb2 Bxb2 38. Ne2 Be5 39. Bc2 Bxd6 40. Nf4 Kf7 41. Be3 Nd7 42. Nd3 Re4 43. Ba4 Ne5+ 44. Nxe5+ Bxe5 45. Bb3 Bd4 46. Bf4 Ke7 47. d6+ Kd8 48. Ba4 Be5 49. Bxe5 Rxe5 50. Bc6 Re6 51. Kf4 Rxd6 52. Bd5 Rxd5 53. cxd5 Kd7 54. Ke5 Ke7 55. d6+ Kd7 56. Kd5 c4 57. Kxc4 Kxd6 58. Kd4 Ke6 59. Kc5 f4 60. Kd4 Kf5 61. Kd3 Kg4 62. Ke4 f3 63. Ke3 Kg3 0-1


[Site "https://www.chess.com"]

[Event "Titled Tuesday Blitz October 11 Late 2022"]
[White "Issani, Nameer"]
[Black "Girsh, Daniel"]
[WhiteFideId "2619130"]
[BlackFideId "30949190"]
[WhiteElo "2646"]
[BlackElo "2075"]
[Result "1-0"]
[Round "03"]
[TimeControl "180+1"]
[Date "2022.10.12"]
[WhiteClock "0:01:11"]
[BlackClock "0:00:20"]

1. d4 Nf6 2. c4 g6 3. Nc3 Bg7 4. e4 O-O 5. Nf3 d6 6. Be2 e5 7. dxe5 dxe5 8. Qxd8 Rxd8 9. Bg5 Re8 10. O-O-O Bg4 11. Nxe5 Bxe2 12. Nxe2 Rxe5 13. Rd8+ Ne8 14. f4 Rxe4 15. Ng3 Re6 16. f5 gxf5 17. Nxf5 f6 18. Bf4 Kf7 19. Rhd1 Re4 20. g3 Rxc4+ 21. Kb1 Ke6 22. Ne3 Rxf4 23. gxf4 Ke7 24. Nf5+ Kf7 25. Rc8 Nd6 26. Rxc7+ 1-0


[Site "https://www.chess.com"]

[Event "Titled Tuesday Blitz October 11 Late 2022"]
[White "Izuzquiza Gonzalez, Javier"]
[Black "Martin Carmona, Gaston Manuel"]
[WhiteFideId "3101029"]
[BlackFideId "22284567"]
[WhiteElo "2034"]
[BlackElo "2235"]
[Result "0-1"]
[Round "03"]
[TimeControl "180+1"]
[Date "2022.10.12"]
[WhiteClock "0:01:49"]
[BlackClock "0:01:41"]

1. d4 Nf6 2. c4 g6 3. Nf3 Bg7 4. g3 d6 5. Bg2 O-O 6. O-O Nc6 7. Nc3 e5 8. d5 Ne7 9. Ne1 Nd7 10. Nd3 f5 11. e4 Nf6 12. f4 fxe4 13. Nxe4 Nxe4 14. Bxe4 Bh3 15. Bg2 Bxg2 16. Kxg2 exf4 17. Bxf4 Nf5 18. Qd2 Qd7 19. Rae1 Rae8 20. b3 h6 21. Qc1 g5 22. Bd2 Rxe1 23. Rxe1 Nd4 24. Rf1 Qg4 25. Rxf8+ Bxf8 26. Qf1 Qe4+ 27. Kg1 Nf3+ 0-1


[Site "https://www.chess.com"]

[Event "Titled Tuesday Blitz October 11 Late 2022"]
[White "Jakubowski, Krzysztof"]
[Black "Petrovic, Aleksa"]
[WhiteFideId "1112848"]
[BlackFideId "967629"]
[WhiteElo "2373"]
[BlackElo "2242"]
[Result "1/2-1/2"]
[Round "03"]
[TimeControl "180+1"]
[Date "2022.10.12"]
[WhiteClock "0:00:10"]
[BlackClock "0:00:27"]

1. e4 e6 2. d3 d5 3. Nd2 Nc6 4. Ngf3 dxe4 5. dxe4 e5 6. c3 Nf6 7. b4 Bd6 8. Qc2 O-O 9. Be2 Ne7 10. Nc4 Ng6 11. O-O Nh5 12. g3 h6 13. Rd1 Qf6 14. Ne3 c6 15. Nf5 Bc7 16. Be3 Be6 17. a4 Rfd8 18. a5 a6 19. Bc5 Rxd1+ 20. Rxd1 Rd8 21. Rxd8+ Qxd8 22. Nd2 Nf6 23. Nc4 Qd7 24. Bd3 Nxe4 25. Bxe4 Bxc4 26. Nxh6+ gxh6 27. Bxg6 fxg6 28. Qxg6+ Qg7 29. Qe8+ Kh7 30. Qc8 Qf7 31. Qxb7 Bd5 32. Bb6 c5 33. Qxc7 Qxc7 34. Bxc7 cxb4 35. cxb4 e4 36. Kf1 Kg6 37. Ke2 Kf5 38. Ke3 Bc4 39. h3 h5 40. g4+ hxg4 41. hxg4+ Kxg4 42. Kxe4 Kg5 43. Ke5 Kg6 44. f4 Kf7 45. f5 Bb5 46. Bb6 Bf1 47. Bd4 Bb5 48. f6 Bf1 49. Kd6 Bb5 50. Kc5 Bf1 51. Kd6 Bb5 52. Kc5 Bf1 53. Kd6 1/2-1/2


[Site "https://www.chess.com"]

[Event "Titled Tuesday Blitz October 11 Late 2022"]
[White "Janaszak, Dawid"]
[Black "Stork, Oliver"]
[WhiteFideId "1119206"]
[BlackFideId "12955728"]
[WhiteElo "2226"]
[BlackElo "2239"]
[Result "0-1"]
[Round "03"]
[TimeControl "180+1"]
[Date "2022.10.12"]
[WhiteClock "0:00:16"]
[BlackClock "0:00:02"]

1. e4 c5 2. Nc3 Nc6 3. Bb5 Nd4 4. Nf3 a6 5. Bd3 g6 6. b4 Nxf3+ 7. Qxf3 cxb4 8. Nd5 Bg7 9. Rb1 a5 10. a3 d6 11. axb4 a4 12. Ba3 Nf6 13. O-O O-O 14. b5 Nd7 15. Qg3 b6 16. f4 Bb7 17. Qh4 Bxd5 18. exd5 Nc5 19. Be2 Ne4 20. Qe1 Qc7 21. Bf3 Nc5 22. Kh1 Rae8 23. Rb4 e5 24. dxe6 fxe6 25. Bc6 Re7 26. d4 Nb7 27. Rc4 Na5 28. Qb4 Nxc4 29. Qxc4 Kh8 30. Qb4 Ref7 31. Qxd6 Qxd6 32. Bxd6 Rd8 33. Be5 Bxe5 34. dxe5 Rd2 35. g3 a3 36. Ra1 Ra7 37. c4 a2 38. c5 Rb2 39. cxb6 Rb1+ 40. Kg2 Ra3 41. b7 Rxa1 42. b8=Q+ Kg7 43. Qc7+ Kh6 44. Qe7 Rg1+ 45. Kh3 a1=Q 46. Qf8+ Kh5 47. Bf3+ Rxf3 48. Qf5+ gxf5 49. b6 Qf1# 0-1


[Site "https://www.chess.com"]

[Event "Titled Tuesday Blitz October 11 Late 2022"]
[White "Jean Louis, Marckens"]
[Black "Hajiyev, Kanan"]
[WhiteFideId "11900270"]
[BlackFideId "13404148"]
[WhiteElo "2030"]
[BlackElo "2118"]
[Result "1-0"]
[Round "03"]
[TimeControl "180+1"]
[Date "2022.10.12"]
[WhiteClock "0:01:04"]
[BlackClock "0:00:07"]

1. d4 d5 2. c4 c6 3. Nc3 Nf6 4. Nf3 g6 5. cxd5 cxd5 6. h4 Bf5 7. Bg5 Ne4 8. Qb3 Nxc3 9. bxc3 b6 10. e3 a6 11. c4 Be6 12. Rc1 Bg7 13. c5 bxc5 14. Rxc5 Nd7 15. Rc1 O-O 16. Be2 Qa5+ 17. Qc3 Qxc3+ 18. Rxc3 f6 19. Bf4 Rfc8 20. Rxc8+ Rxc8 21. Kd2 Nb6 22. Rb1 Nc4+ 23. Ke1 Rc6 24. Rb8+ Rc8 25. Rb7 Kf7 26. Nd2 Bf5 27. f3 Nxd2 28. Kxd2 Rc2+ 29. Ke1 Rxa2 30. g4 Be6 31. e4 g5 32. hxg5 fxg5 33. Bd6 Bxd4 34. Rxe7+ Kf6 35. Rxh7 dxe4 36. fxe4 Be3 37. Kf1 Kg6 38. Re7 Bb3 39. e5 a5 40. Bd3+ Kh6 41. Rh7# 1-0


[Site "https://www.chess.com"]

[Event "Titled Tuesday Blitz October 11 Late 2022"]
[White "Jensen, Matthew R"]
[Black "Meissner, Felix"]
[WhiteFideId "2018110"]
[BlackFideId "24671827"]
[WhiteElo "2294"]
[BlackElo "2350"]
[Result "1-0"]
[Round "03"]
[TimeControl "180+1"]
[Date "2022.10.12"]
[WhiteClock "0:01:05"]
[BlackClock "0:02:03"]

1. d4 Nf6 2. c4 g6 3. Nc3 Bg7 4. e4 O-O 5. h3 d6 6. Be3 Nc6 7. Nge2 e5 8. d5 Ne7 9. g4 Nd7 10. Ng3 a5 11. h4 Nc5 12. h5 f5 13. gxf5 gxf5 14. h6 Bf6 15. Nh5 f4 16. Rg1+ Ng6 17. Bxc5 dxc5 18. Qf3 Bg5 19. Bh3 Bxh6 20. Bxc8 Rxc8 21. O-O-O Qd7 22. d6 c6 23. Rh1 Rf7 24. Kb1 Re8 25. Rdg1 b6 26. Na4 Qb7 27. Qh3 Qd7 28. Nf6+ 1-0


[Site "https://www.chess.com"]

[Event "Titled Tuesday Blitz October 11 Late 2022"]
[White "Jorquera, Marcelo"]
[Black "Floresvillar Gonzalez, Luis Migu"]
[WhiteFideId "3401197"]
[BlackFideId "5100542"]
[WhiteElo "2136"]
[BlackElo "2040"]
[Result "1-0"]
[Round "03"]
[TimeControl "180+1"]
[Date "2022.10.12"]
[WhiteClock "0:00:11"]
[BlackClock "0:00:20"]

1. e4 e6 2. Qe2 Be7 3. Nf3 c5 4. d3 Nc6 5. g3 Nf6 6. Bg2 d5 7. O-O dxe4 8. dxe4 O-O 9. Rd1 Qc7 10. Bf4 e5 11. Bg5 Bg4 12. c3 h6 13. Bxf6 Bxf6 14. Nbd2 Rad8 15. h3 Bh5 16. Nc4 b5 17. Ne3 Bxf3 18. Bxf3 c4 19. Nd5 Qd6 20. a4 a6 21. axb5 axb5 22. Ra6 Bg5 23. Rda1 Qc5 24. h4 Bf6 25. Qe3 Qxe3 26. Nxe3 Ne7 27. Ng4 Rd2 28. R1a2 Rb8 29. Ne3 Kf8 30. Kf1 Ke8 31. Ke1 Rd7 32. Ra7 Rxa7 33. Rxa7 Nc6 34. Ra6 Ne7 35. Ng4 Ng8 36. h5 b4 37. Be2 bxc3 38. bxc3 Rb3 39. Ra8+ Bd8 40. Bxc4 Rxc3 41. Bd5 Ke7 42. Ra7+ Ke8 43. Nxe5 Nf6 44. Bxf7+ Kf8 45. Ng6# 1-0


[Site "https://www.chess.com"]

[Event "Titled Tuesday Blitz October 11 Late 2022"]
[White "Joubert, Dantelle"]
[Black "Jimenez, Joaquin"]
[WhiteFideId "14310813"]
[BlackFideId "109860"]
[WhiteElo "1507"]
[BlackElo "2163"]
[Result "0-1"]
[Round "03"]
[TimeControl "180+1"]
[Date "2022.10.12"]
[WhiteClock "0:00:01"]
[BlackClock "0:00:29"]

1. d4 Nf6 2. c4 g6 3. Nc3 Bg7 4. e4 d6 5. Nf3 O-O 6. Be2 Na6 7. O-O e5 8. dxe5 dxe5 9. Qxd8 Rxd8 10. Bg5 Re8 11. h3 h6 12. Be3 c6 13. a3 Be6 14. Rfd1 Nh5 15. Bf1 Nf4 16. Kh2 g5 17. g3 Ng6 18. Nd2 Bf8 19. Nb3 b6 20. Nd2 Rad8 21. b4 Nc7 22. Nf3 Bc8 23. b5 Bb7 24. bxc6 Bxc6 25. Nd5 Bxd5 26. cxd5 Bd6 27. Rdc1 Rc8 28. Rc6 Red8 29. Rac1 Ne7 30. R6c3 Ne8 31. Ba6 Rxc3 32. Rxc3 Nf6 33. Nd2 Kg7 34. Kg2 Nd7 35. Nb3 f5 36. f3 Nf6 37. Nd2 Rd7 38. Bd3 Nexd5 39. exd5 Nxd5 40. Bb5 Rd8 41. Rc6 Nxe3+ 0-1


[Site "https://www.chess.com"]

[Event "Titled Tuesday Blitz October 11 Late 2022"]
[White "Kanter, Eduard"]
[Black "Mikhailov, Viacheslav"]
[WhiteFideId "4103963"]
[BlackFideId "4187369"]
[WhiteElo "2267"]
[BlackElo "2381"]
[Result "0-1"]
[Round "03"]
[TimeControl "180+1"]
[Date "2022.10.12"]
[WhiteClock "0:00:10"]
[BlackClock "0:00:58"]

1. d4 c5 2. d5 e5 3. c4 d6 4. e4 Be7 5. Nf3 Bg4 6. Nbd2 Bg5 7. Be2 Bxf3 8. Bxf3 Ne7 9. O-O O-O 10. a3 Nd7 11. b4 Rc8 12. Bg4 f5 13. exf5 Nxf5 14. Ne4 Bxc1 15. Rxc1 Qe7 16. Bxf5 Rxf5 17. Qd3 Rff8 18. Rb1 b6 19. b5 h6 20. a4 Nf6 21. Rfe1 Nxe4 22. Rxe4 Rf5 23. a5 Rcf8 24. f3 Rf4 25. axb6 axb6 26. Ra1 Qh4 27. g3 Qg5 28. Rf1 Rxe4 29. fxe4 Rxf1+ 30. Kxf1 Qc1+ 31. Kg2 h5 32. h4 g6 33. Qe2 Kg7 34. Qd3 Qb2+ 35. Kh3 Qd4 36. Qe2 Qg1 37. Qf3 Qc1 38. g4 hxg4+ 39. Qxg4 Qxc4 40. Qd7+ Kh6 41. Qxd6 Qd3+ 42. Kh2 Qe2+ 43. Kg3 Qe3+ 44. Kh2 Qf4+ 45. Kh3 c4 46. Qf8+ Qxf8 0-1


[Site "https://www.chess.com"]

[Event "Titled Tuesday Blitz October 11 Late 2022"]
[White "Kobla, Vishal"]
[Black "Al Hosani, Omran"]
[WhiteFideId "2078457"]
[BlackFideId "9308733"]
[WhiteElo "1972"]
[BlackElo "2167"]
[Result "0-1"]
[Round "03"]
[TimeControl "180+1"]
[Date "2022.10.12"]
[WhiteClock "0:00:28"]
[BlackClock "0:02:02"]

1. e4 c5 2. Nf3 Nc6 3. d4 cxd4 4. Nxd4 Nf6 5. Nc3 e5 6. Ndb5 d6 7. Bg5 a6 8. Na3 Be7 9. Nc4 Be6 10. Ne3 O-O 11. Bxf6 Bxf6 12. Bc4 b5 13. Bd5 Rc8 14. O-O Bg5 15. Nf5 b4 16. Ne2 Bxd5 17. Qxd5 Ne7 18. Nxe7+ Qxe7 19. c3 Rc5 20. Qd3 a5 21. Rad1 Rd8 22. g3 g6 23. f4 exf4 24. gxf4 Bf6 25. c4 Bxb2 26. e5 Qa7 27. Qe3 a4 28. exd6 Rg5+ 29. fxg5 Qxe3+ 30. Rf2 b3 31. axb3 a3 32. c5 Qxc5 33. d7 a2 0-1


[Site "https://www.chess.com"]

[Event "Titled Tuesday Blitz October 11 Late 2022"]
[White "Korchmar, Vasiliy"]
[Black "Hansen, Eric"]
[WhiteFideId "24131750"]
[BlackFideId "2606771"]
[WhiteElo "2370"]
[BlackElo "2568"]
[Result "0-1"]
[Round "03"]
[TimeControl "180+1"]
[Date "2022.10.11"]
[WhiteClock "0:00:01"]
[BlackClock "0:00:08"]

1. e4 c5 2. Nf3 e6 3. g3 Nc6 4. Bg2 Nf6 5. Qe2 e5 6. O-O Be7 7. d3 O-O 8. Nc3 h6 9. Nd2 Nd4 10. Qd1 d6 11. Nc4 Re8 12. h3 b5 13. Ne3 b4 14. Ncd5 Nxd5 15. Nxd5 Bf8 16. c3 bxc3 17. bxc3 Nc6 18. f4 exf4 19. gxf4 Ne7 20. Ne3 d5 21. exd5 Nf5 22. Nxf5 Bxf5 23. Qf3 c4 24. dxc4 Rc8 25. Bd2 Rxc4 26. Rae1 Ra4 27. Re5 Rxa2 28. Be3 Bd3 29. Re1 Bd6 30. Rxe8+ Qxe8 31. Bf2 Qb5 32. Bd4 Bf5 33. Qg3 g5 34. Qf3 Bxf4 35. Qh5 Ra6 36. Bf1 Qxd5 37. Bxa6 Kh7 0-1


[Site "https://www.chess.com"]

[Event "Titled Tuesday Blitz October 11 Late 2022"]
[White "Korkmaz, Necmettin"]
[Black "Borawski, Jakub"]
[WhiteFideId "6303285"]
[BlackFideId "1143000"]
[WhiteElo "2094"]
[BlackElo "2122"]
[Result "1-0"]
[Round "03"]
[TimeControl "180+1"]
[Date "2022.10.12"]
[WhiteClock "0:00:31"]
[BlackClock "0:00:13"]

1. e4 e6 2. d4 d5 3. e5 c5 4. c3 Nc6 5. Nf3 Bd7 6. Bd3 Qb6 7. dxc5 Bxc5 8. b4 Be7 9. O-O Nh6 10. Be3 Qc7 11. Na3 Nxe5 12. Nxe5 Qxe5 13. Bd4 Qg5 14. f4 Qg4 15. Be2 Qf5 16. Bxg7 Rg8 17. Bxh6 Bf6 18. Nb5 Bxb5 19. Bxb5+ Ke7 20. Bg5 h6 21. Bxf6+ Qxf6 22. Qd4 Qxd4+ 23. cxd4 a6 24. Bd3 Rac8 25. Rac1 Kd6 26. Kf2 h5 27. g3 h4 28. Rxc8 Rxc8 29. Ke3 hxg3 30. hxg3 Rc3 31. Rf2 Rc1 32. Rc2 Rg1 33. Kf3 Rd1 34. Rc3 Rd2 35. a3 f5 36. Ke3 Rg2 37. Kf3 Rd2 38. g4 fxg4+ 39. Kxg4 Rg2+ 40. Kf3 Rd2 41. Ke3 Rd1 42. Be2 Rh1 43. Rc8 Ra1 44. Rc3 Ra2 45. b5 axb5 46. Bxb5 Ra1 47. a4 Re1+ 48. Kf3 Rd1 49. Rd3 Rf1+ 50. Ke3 Re1+ 51. Kf2 Rb1 52. Rf3 Rb2+ 53. Ke3 Rb3+ 54. Bd3 Ra3 55. f5 exf5 56. Rxf5 Rxa4 57. Rf6+ Kc7 58. Be2 Ra3+ 59. Kd2 Ra2+ 60. Ke1 Ra4 61. Rf4 Rb4 62. Kd2 Rb2+ 63. Ke3 b5 64. Rf7+ Kc6 65. Rf6+ Kc7 66. Rf5 Kc6 67. Bf3 Rb3+ 68. Ke2 Rb2+ 69. Kd1 b4 70. Rxd5 Kb6 71. Rc5 Rb3 72. Ke2 Rb2+ 73. Ke3 Rb1 74. Rc8 b3 75. Rb8+ Kc7 76. Rb4 Kd6 77. Be4 Rb2 78. Kd3 Rb1 79. Kc3 Re1 80. Bd3 Rc1+ 81. Kd2 Rh1 82. Rxb3 Kd5 83. Kc3 Rc1+ 84. Bc2 Rg1 85. Rb5+ Kd6 86. Rc5 Rg2 87. Rf5 Re2 88. Bd3 Re1 89. Rh5 Rc1+ 90. Bc2 Rg1 91. Bb3 Rg3+ 92. Kc4 Rg6 93. Bc2 Rg2 94. Bd3 Rg3 95. Rh6+ Kd7 96. d5 Re3 97. Bf5+ Kc7 98. d6+ Kc6 99. d7+ Kc7 100. Rh8 Re1 101. d8=Q+ Kc6 102. Rh6+ Re6 103. Rxe6+ Kb7 104. Rb6+ 1-0


[Site "https://www.chess.com"]

[Event "Titled Tuesday Blitz October 11 Late 2022"]
[White "Krstic, Milos"]
[Black "Luxama, Jacques Muller"]
[WhiteFideId "954888"]
[BlackFideId "11900113"]
[WhiteElo "2194"]
[BlackElo "1931"]
[Result "1-0"]
[Round "03"]
[TimeControl "180+1"]
[Date "2022.10.12"]
[WhiteClock "0:00:10"]
[BlackClock "0:00:14"]

1. e4 c5 2. Nf3 d6 3. d4 cxd4 4. Nxd4 Nf6 5. Nc3 a6 6. h3 e5 7. Nde2 Be7 8. g4 h6 9. Bg2 Be6 10. Ng3 b5 11. O-O b4 12. Nd5 Bxd5 13. exd5 Nbd7 14. Nf5 Bf8 15. a3 g5 16. axb4 h5 17. Bxg5 hxg4 18. hxg4 Rg8 19. Bh4 Qb6 20. Ne3 Qxb4 21. f3 Qxb2 22. Nf5 a5 23. Rb1 Qc3 24. Rb3 Qc8 25. Qd2 a4 26. Ra3 Qc5+ 27. Qe3 Qxe3+ 28. Rxe3 Nxd5 29. Ra3 Nf4 30. Rfa1 Nc5 31. Bf2 d5 32. Bf1 Rb8 33. Re1 f6 34. Be3 Nfe6 35. Kg2 Kd7 36. Rd1 Kc6 37. Rda1 Rb2 38. R1a2 Rb4 39. Kf2 d4 40. Bd2 Rb1 41. Ng3 Nf4 42. Bxf4 exf4 43. Ne2 d3 44. cxd3 Rb3 45. Nd4+ Kd5 46. Nxb3 axb3 47. Rb2 Nxd3+ 48. Bxd3 Bxa3 49. Rxb3 Bc5+ 50. Ke2 Be3 51. Be4+ Kd4 52. Rd3+ Kc4 53. Bd5+ Kc5 54. Bxg8 f5 55. Rxe3 fxe3 56. Kxe3 fxg4 57. fxg4 Kd6 58. Kf4 Ke7 59. Kf5 Kf8 60. Bb3 Kg7 61. g5 1-0


[Site "https://www.chess.com"]

[Event "Titled Tuesday Blitz October 11 Late 2022"]
[White "Krzywda, Andrzej"]
[Black "Rose, Felix"]
[WhiteFideId "1114565"]
[BlackFideId "5105722"]
[WhiteElo "2149"]
[BlackElo "2039"]
[Result "1-0"]
[Round "03"]
[TimeControl "180+1"]
[Date "2022.10.12"]
[WhiteClock "0:00:04"]
[BlackClock "0:00:13"]

1. d4 d5 2. c4 e6 3. Nf3 Nf6 4. Nc3 Be7 5. Bf4 O-O 6. e3 b6 7. Rc1 Bb7 8. cxd5 Nxd5 9. Nxd5 Qxd5 10. Qb3 Qxb3 11. axb3 Bb4+ 12. Nd2 c5 13. dxc5 Bxc5 14. Be2 Nc6 15. O-O Rad8 16. Ne4 Be7 17. Bb5 Na5 18. Rc7 Bb4 19. Ng5 h6 20. Nf3 Bxf3 21. gxf3 Nxb3 22. Rxa7 Nd2 23. Rc1 e5 24. Bg3 Nxf3+ 25. Kg2 Ne1+ 26. Kf1 Nd3 27. Rcc7 Nxb2 28. Bxe5 Bd6 29. Bxd6 Rxd6 30. Ra2 Nd3 31. Rd2 Rfd8 32. Rc3 Nc5 33. Ra2 g6 34. Kg2 Kg7 35. Rca3 Rd2 36. Rxd2 Rxd2 37. Bc6 Ne6 38. Ra7 Rd6 39. Bb5 Nc5 40. Bc4 Rd7 41. Ra8 Ne6 42. h4 Rb7 43. Bd5 Rd7 44. Bb3 b5 45. Rb8 Nc7 46. Rb7 Re7 47. Kg3 h5 48. Kf3 Kf6 49. Ke2 Rd7 50. Rb6+ Ne6 51. Rxb5 Rc7 52. Rb6 Re7 53. Kf3 Kg7 54. Kg2 Kf6 55. Bxe6 Rxe6 56. Rb4 Re5 57. Rf4+ Rf5 58. Ra4 Re5 59. Ra6+ Re6 60. Ra8 Re7 61. Kg3 Re6 62. Kf4 Rb6 63. e4 Rb2 64. f3 Rb1 65. Ra6+ Kg7 66. Kg5 Rg1+ 67. Kf4 Rh1 68. Kg3 Rg1+ 69. Kh3 Rf1 70. Kg2 Rb1 71. Ra5 Rb6 72. Kg3 Rc6 73. e5 Rb6 74. Ra7 Re6 75. Kf4 Re8 76. Ke4 Re6 77. f4 Re8 78. f5 gxf5+ 79. Kxf5 Re6 80. Ra5 Rg6 81. Ra7 Rg1 82. e6 Rf1+ 83. Kg5 Kf8 84. exf7 Rxf7 85. Ra8+ Kg7 86. Kxh5 Rf5+ 87. Kg4 Rf7 88. h5 Kh7 89. Kg5 Rc7 90. Ra5 Rd7 91. Rf5 Rc7 92. h6 Ra7 93. Rb5 Ra8 94. Rb7+ Kh8 95. Rb6 Rg8+ 96. Kh5 Rf8 97. Rb7 Rg8 98. Ra7 Rf8 99. Kg6 Rg8+ 100. Rg7 Rxg7+ 101. hxg7+ Kg8 102. Kf6 Kh7 103. Kf7 Kh6 104. g8=Q 1-0


[Site "https://www.chess.com"]